[Event "Titled Tuesday Blitz November 30 2021"]
[White "Shahade, Gregory"]
[Black "Lazavik, Denis"]
[WhiteFideId "2009064"]
[BlackFideId "13515110"]
[WhiteElo "2635"]
[BlackElo "2436"]
[Result "1-0"]
[Round "05"]
[TimeControl "180+1"]
[Date "2021.11.30"]
[WhiteClock "0:00:06"]
[BlackClock "0:00:03"]

1. e4 c5 2. Nf3 e6 3. d4 cxd4 4. Nxd4 Nc6 5. Nc3 Qc7 6. Be3 a6 7. Qf3 Ne5 8. Qg3 b5 9. O-O-O Nf6 10. a3 Bb7 11. f3 Bxa3 12. Ndxb5 axb5 13. Nxb5 Qb8 14. bxa3 O-O 15. Bc5 Ng6 16. Bd6 Qc8 17. Bxf8 Qxf8 18. Qd6 Qc8 19. Qc7 Qxc7 20. Nxc7 Rxa3 21. Kb2 Ra5 22. Nb5 Bc6 23. c4 d5 24. exd5 exd5 25. Ra1 Rxa1 26. Kxa1 dxc4 27. Bxc4 Ne5 28. Be2 g6 29. Rc1 Kg7 30. f4 Bxb5 31. Bxb5 Neg4 32. Rc7 Nd5 33. Rd7 Nxf4 34. Rd4 Nxg2 35. Rxg4 Ne3 36. Re4 Nf5 37. Bd3 Kf6 38. Rf4 Ke5 39. Rf1 Nd6 40. Re1+ Kd4 41. Rd1 Ke5 42. Re1+ Kd4 43. Rd1 Ke5 44. Kb1 f5 45. Re1+ Kd4 46. Bc2 Kd5 47. Re7 h6 48. Rh7 g5 49. Rxh6 Ke5 50. Rh8 Nb5 51. Rc8 Nd4 52. Rc5+ Kf4 53. Kb2 g4 54. Kc3 Ne2+ 55. Kd2 Nd4 56. Rc4 Ke5 57. Rc5+ Kf4 58. Bd1 Ke4 59. Ra5 Kf4 60. Ra4 Ke5 61. Kd3 Ne6 62. Ra5+ Kf4 63. Ke2 Nd4+ 64. Kf2 Nc6 65. Rc5 Nd4 66. Bc2 Kg5 67. Bd3 Kf4 68. Rd5 1-0


[Site "https://www.chess.com"]

[Event "Titled Tuesday Blitz November 30 2021"]
[White "Shipov, Sergei"]
[Black "Kamsky, Gata"]
[WhiteFideId "4113624"]
[BlackFideId "2000024"]
[WhiteElo "2760"]
[BlackElo "2645"]
[Result "0-1"]
[Round "05"]
[TimeControl "180+1"]
[Date "2021.11.30"]
[WhiteClock "0:00:20"]
[BlackClock "0:01:24"]

1. d4 d5 2. c4 c6 3. Nc3 Nf6 4. Nf3 a6 5. h3 Bf5 6. g4 Be4 7. Bg2 e6 8. g5 Ng8 9. Nxe4 dxe4 10. Nh2 Bb4+ 11. Kf1 f5 12. gxf6 Nxf6 13. Ng4 O-O 14. Bg5 Nxg4 15. Bxd8 Ne3+ 16. Kg1 Nxd1 17. Bh4 Nxb2 18. Rb1 Bc3 19. e3 b5 20. c5 Nc4 21. Kh2 Nd2 22. Rbc1 Ba5 23. Rhd1 Nd7 24. Rxd2 Bxd2 25. Rc2 Ba5 26. Bxe4 Rac8 27. f4 Bd8 28. Be1 Nf6 29. Bf3 Nd5 30. Bd2 g5 31. Bg4 Kf7 32. f5 e5 33. e4 Nf6 34. dxe5 Bc7 35. Bxg5 Bxe5+ 36. Kh1 Rcd8 37. Bf3 Rd3 38. Rf2 Rg8 39. h4 a5 40. Rf1 b4 41. Bd1 Rh3+ 42. Kg2 Rxh4 43. Bb3+ Kf8 44. Bxg8 Rg4+ 45. Kf3 Rxg5 46. Bb3 Rg3+ 47. Ke2 Nxe4 48. f6 a4 49. Bc2 Rg2+ 50. Kd3 Nxc5+ 0-1


[Site "https://www.chess.com"]

[Event "Titled Tuesday Blitz November 30 2021"]
[White "Stribuk, Artiom"]
[Black "Pranav, V"]
[WhiteFideId "13515659"]
[BlackFideId "25060783"]
[WhiteElo "2224"]
[BlackElo "2351"]
[Result "1-0"]
[Round "05"]
[TimeControl "180+1"]
[Date "2021.11.30"]
[WhiteClock "0:00:02"]
[BlackClock "0:00:02"]

1. d4 Nf6 2. c4 e6 3. g3 Bb4+ 4. Bd2 Bxd2+ 5. Qxd2 O-O 6. Bg2 d6 7. Nf3 Nc6 8. Nc3 Qe7 9. O-O e5 10. Nd5 Nxd5 11. cxd5 Nxd4 12. Nxd4 exd4 13. Rac1 Bf5 14. Rfe1 Qf6 15. Rxc7 Rfe8 16. Bf3 Bg6 17. Kg2 h5 18. h4 b6 19. Rc4 d3 20. e4 Rac8 21. Rec1 Rxc4 22. Rxc4 b5 23. Rc6 Rxe4 24. Qxd3 Rd4 25. Qe3 Rd3 26. Qf4 Qxf4 27. gxf4 Bf5 28. Rxd6 g6 29. Ra6 Rd2 30. b3 Kg7 31. Rxa7 b4 32. Ra4 Bd7 33. Rxb4 Rxa2 34. Rb7 Bf5 35. b4 Ra4 36. d6 Kf8 37. Bd5 Ra6 38. Rxf7+ Ke8 39. Re7+ Kd8 40. Re5 Rxd6 41. Be4 Be6 42. Kg3 Bf7 43. b5 Rd1 44. b6 Rg1+ 45. Kf3 Ra1 46. b7 Kc7 47. Re7+ 1-0


[Site "https://www.chess.com"]

[Event "Titled Tuesday Blitz November 30 2021"]
[White "Sviridov, Valery"]
[Black "Iljiushenok, Ilia"]
[WhiteFideId "4120680"]
[BlackFideId "24105074"]
[WhiteElo "2454"]
[BlackElo "2578"]
[Result "1-0"]
[Round "05"]
[TimeControl "180+1"]
[Date "2021.11.30"]
[WhiteClock "0:01:19"]
[BlackClock "0:00:05"]

1. Nf3 Nf6 2. g3 g6 3. Bg2 Bg7 4. O-O O-O 5. c4 d6 6. Nc3 Nc6 7. d4 a6 8. d5 Na7 9. a4 c5 10. Qc2 Bd7 11. a5 Nc8 12. e4 b5 13. axb6 Nxb6 14. Nd2 a5 15. b3 Qc7 16. Bb2 Rfb8 17. Rfe1 a4 18. bxa4 Ng4 19. Nb5 Bxb5 20. axb5 Bxb2 21. Qxb2 Ne5 22. Qc3 Qd8 23. f4 Ned7 24. e5 Rxa1 25. Rxa1 Ra8 26. Bh3 f5 27. exf6 Nxf6 28. Be6+ Kf8 29. g4 Rxa1+ 30. Qxa1 Qa8 31. Qc3 Qa4 32. h3 Qd1+ 33. Nf1 Na4 34. Qd2 Qb3 35. g5 Nh5 36. Qa5 Nf6 37. gxf6 exf6 38. Qd8+ Kg7 39. Qe7+ Kh6 40. Qf8+ Kh5 41. Bg4+ 1-0


[Site "https://www.chess.com"]

[Event "Titled Tuesday Blitz November 30 2021"]
[White "Tabatabaei, M. Amin"]
[Black "Rustemov, Alexander"]
[WhiteFideId "12521213"]
[BlackFideId "4119002"]
[WhiteElo "2555"]
[BlackElo "2793"]
[Result "1-0"]
[Round "05"]
[TimeControl "180+1"]
[Date "2021.11.30"]
[WhiteClock "0:00:32"]
[BlackClock "0:00:02"]

1. Nf3 d5 2. g3 Nf6 3. Bg2 c6 4. O-O Bf5 5. d3 e6 6. c4 dxc4 7. dxc4 Qxd1 8. Rxd1 Bc2 9. Rd2 Bg6 10. Rd1 Bc2 11. Rf1 Nbd7 12. Nc3 Bb4 13. Bd2 a5 14. Rac1 Bg6 15. a3 Be7 16. Nh4 Nc5 17. Nxg6 hxg6 18. Bf4 a4 19. h3 Nfd7 20. g4 Nb3 21. Rc2 Ndc5 22. Rd1 O-O 23. Bc7 Rfc8 24. Bb6 Ra6 25. Bxc5 Nxc5 26. f4 Rb6 27. g5 Rd8 28. Rxd8+ Bxd8 29. Rd2 Bc7 30. e3 Kf8 31. h4 Ke7 32. Bf3 e5 33. f5 gxf5 34. h5 e4 35. Be2 Ra6 36. Bd1 Ra8 37. Rf2 g6 38. h6 Be5 39. Bc2 Bxc3 40. bxc3 f6 41. gxf6+ Kxf6 42. Rd2 Rh8 43. Rh2 Kg5 44. h7 Kf6 45. Kf2 Kg7 46. Kg3 Rxh7 47. Rd2 Kf6 48. Rd8 Rd7 49. Rf8+ Kg5 50. Ra8 Rd2 51. Bxa4 Re2 52. Ra5 Rxe3+ 53. Kf2 Rf3+ 54. Ke2 Nxa4 55. Rxa4 Rxc3 56. Rb4 Kf4 57. a4 Rc2+ 58. Kd1 Ra2 59. c5 Kf3 60. Kc1 e3 61. Kb1 e2 62. Rb3+ Kf2 63. Kxa2 e1=Q 64. Rxb7 Qd2+ 65. Rb2 Ke3 66. Rxd2 Kxd2 67. a5 f4 68. a6 f3 69. a7 f2 70. a8=Q f1=Q 71. Qxc6 Qc4+ 72. Ka3 Kc3 73. Qf6+ 1-0


[Site "https://www.chess.com"]

[Event "Titled Tuesday Blitz November 30 2021"]
[White "Vaishali, Rameshbabu"]
[Black "Jobava, Baadur"]
[WhiteFideId "5091756"]
[BlackFideId "13601520"]
[WhiteElo "2313"]
[BlackElo "2731"]
[Result "0-1"]
[Round "05"]
[TimeControl "180+1"]
[Date "2021.11.30"]
[WhiteClock "0:00:03"]
[BlackClock "0:00:19"]

1. d4 d5 2. c4 c6 3. Nf3 Nf6 4. Nc3 dxc4 5. a4 Bf5 6. Ne5 Nbd7 7. Nxc4 Qc7 8. f3 e5 9. e4 exd4 10. Qxd4 Bc5 11. Qd2 Be6 12. Qf4 Qxf4 13. Bxf4 Ke7 14. O-O-O a5 15. Bd6+ Bxd6 16. Nxd6 Nc5 17. Bc4 Rhd8 18. e5 Nfd7 19. f4 Nb6 20. Bxe6 fxe6 21. b3 Rd7 22. Kc2 Rf8 23. Rd4 Na6 24. Rhd1 Nb4+ 25. Kb2 N6d5 26. g3 h6 27. Nce4 b6 28. h4 h5 29. Ng5 g6 30. Rc1 c5 31. Rd2 Nc6 32. Rcd1 Nd4 33. Rxd4 cxd4 34. Rxd4 Rc7 35. Nge4 Rd8 36. Rd2 Rdd7 37. Rd4 Rc6 38. Rd2 Rdc7 39. Nb5 Rd7 40. Nbd6 Ne3 41. Re2 Nf5 42. Nxf5+ gxf5 43. Nd6 Rdc7 44. Rd2 Rc5 45. Nc4 R5c6 46. Nd6 Rd7 47. Re2 Rc5 48. Nc4 Rd3 49. Rc2 Rxg3 50. Nxb6 Rxc2+ 51. Kxc2 Rg4 52. b4 axb4 53. a5 Rg3 54. Nc4 Kd7 55. Kb2 Kc6 56. a6 Rh3 57. Nd6 Kb6 58. Ne8 Rxh4 59. Ng7 Rxf4 60. Nxe6 Re4 0-1


[Site "https://www.chess.com"]

[Event "Titled Tuesday Blitz November 30 2021"]
[White "Yilmaz, Mustafa"]
[Black "Awatramani, Janak"]
[WhiteFideId "6302718"]
[BlackFideId "2608359"]
[WhiteElo "2518"]
[BlackElo "2826"]
[Result "1-0"]
[Round "05"]
[TimeControl "180+1"]
[Date "2021.11.30"]
[WhiteClock "0:01:03"]
[BlackClock "0:00:04"]

1. d4 d5 2. c4 e6 3. Nc3 Nf6 4. cxd5 exd5 5. Bg5 Be7 6. e3 O-O 7. Bd3 c6 8. Qc2 h6 9. Bh4 Re8 10. Nge2 Nbd7 11. O-O Bd6 12. Bg3 Bxg3 13. Nxg3 c5 14. dxc5 Nxc5 15. Rad1 Be6 16. Bb5 Rf8 17. Nxd5 Rc8 18. Nc3 Qa5 19. Qb1 Qb6 20. Rd4 a6 21. Be2 Rfe8 22. Rfd1 Ncd7 23. h3 Ne5 24. Nge4 Nxe4 25. Nxe4 Rc7 26. Nd6 Rf8 27. Qe4 Qxb2 28. Qxe5 Qxe2 29. R4d2 Rc1 30. Rxe2 Rxd1+ 31. Kh2 Rd5 32. Qf4 g5 33. Qb4 a5 34. Qb6 Rd8 35. Ne4 1-0


[Site "https://www.chess.com"]

[Event "Titled Tuesday Blitz November 30 2021"]
[White "Zhigalko, Sergei"]
[Black "Costachi, Mihnea"]
[WhiteFideId "13502956"]
[BlackFideId "1217518"]
[WhiteElo "2662"]
[BlackElo "2482"]
[Result "1-0"]
[Round "05"]
[TimeControl "180+1"]
[Date "2021.11.30"]
[WhiteClock "0:01:20"]
[BlackClock "0:00:08"]

1. e4 e5 2. Nf3 Nf6 3. d4 Nxe4 4. Bd3 d5 5. Nxe5 Nd7 6. Nxd7 Bxd7 7. O-O Bd6 8. Nc3 Nxc3 9. bxc3 O-O 10. Qh5 f5 11. Re1 Qf6 12. Qf3 c6 13. Bf4 Rae8 14. h4 Rxe1+ 15. Rxe1 g6 16. Qg3 Bxf4 17. Qxf4 Re8 18. Rxe8+ Bxe8 19. Qb8 Qe7 20. Qxa7 Qe1+ 21. Bf1 Qxc3 22. Qxb7 Qxd4 23. Qa8 Kf7 24. a4 c5 25. a5 Qa4 26. Qxd5+ Kg7 27. Qxc5 Bc6 28. a6 Kh6 29. Qc4 Qxc4 30. Bxc4 Kg7 31. Be2 Bb5 32. Bxb5 1-0


[Site "https://www.chess.com"]

[Event "Titled Tuesday Blitz November 30 2021"]
[White "Acor, Corey"]
[Black "Prithu Gupta"]
[WhiteFideId "2024861"]
[BlackFideId "46618546"]
[WhiteElo "2300"]
[BlackElo "1775"]
[Result "1-0"]
[Round "06"]
[TimeControl "180+1"]
[Date "2021.11.30"]
[WhiteClock "0:00:30"]
[BlackClock "0:00:03"]

1. e4 e5 2. Nc3 Nc6 3. g3 Nf6 4. Bg2 Bc5 5. d3 h6 6. Nf3 d6 7. Be3 Qe7 8. O-O Bxe3 9. fxe3 g5 10. Nd2 h5 11. Nd5 Nxd5 12. exd5 Nb8 13. e4 h4 14. Nc4 Qf8 15. Ne3 c6 16. d4 hxg3 17. hxg3 Nd7 18. dxc6 bxc6 19. Nf5 Rh6 20. Nxh6 Qxh6 21. Qf3 Qg7 22. dxe5 Nxe5 23. Qf6 Qxf6 24. Rxf6 Ke7 25. Rf2 Be6 26. b3 a5 27. Rd1 a4 28. Rfd2 axb3 29. axb3 Ra2 30. c4 Ra3 31. Rb2 c5 32. Bf1 Nc6 33. Kf2 Nd4 34. b4 Bg4 35. Rd3 1-0


[Site "https://www.chess.com"]

[Event "Titled Tuesday Blitz November 30 2021"]
[White "Arencibia Monduy, Antonio"]
[Black "Lysyj, Igor"]
[WhiteFideId "3507939"]
[BlackFideId "4150120"]
[WhiteElo "2579"]
[BlackElo "2611"]
[Result "0-1"]
[Round "06"]
[TimeControl "180+1"]
[Date "2021.11.30"]
[WhiteClock "0:00:01"]
[BlackClock "0:00:37"]

1. c4 b6 2. Nf3 Nf6 3. g3 Bb7 4. Bg2 e6 5. Nc3 c5 6. O-O Be7 7. d4 cxd4 8. Qxd4 O-O 9. b3 d6 10. Bb2 a6 11. Rfd1 Nbd7 12. Nh4 Bxg2 13. Nxg2 Qc7 14. e4 Qb7 15. Re1 b5 16. cxb5 axb5 17. a4 bxa4 18. Rxa4 Ne5 19. Qd1 Rxa4 20. Nxa4 Nxe4 21. Bxe5 dxe5 22. Qf3 f5 23. h4 Qb4 24. Rd1 Rc8 25. Qd3 Kf7 26. Ne3 Rd8 27. Qe2 Qxb3 28. Rxd8 Bxd8 29. Nb2 g6 30. Nd3 Bf6 31. Ne1 Qb1 32. Kg2 Qb7 33. Nf3 Nc3 0-1


[Site "https://www.chess.com"]

[Event "Titled Tuesday Blitz November 30 2021"]
[White "Awatramani, Janak"]
[Black "Borsuk, Konstantin"]
[WhiteFideId "2608359"]
[BlackFideId "14113406"]
[WhiteElo "2821"]
[BlackElo "2406"]
[Result "0-1"]
[Round "06"]
[TimeControl "180+1"]
[Date "2021.11.30"]
[WhiteClock "0:00:01"]
[BlackClock "0:00:04"]

1. e4 e6 2. d4 d5 3. Nc3 Bb4 4. e5 b6 5. Qg4 Bf8 6. Nce2 Ba6 7. f4 h5 8. Qh3 c5 9. c3 Nc6 10. Nf3 Nge7 11. Be3 Rc8 12. Bf2 Nf5 13. g4 hxg4 14. Qxh8 gxf3 15. Ng3 Bxf1 16. Nxf5 Bg2 17. Nd6+ Kd7 18. Nxc8 Qxc8 19. O-O-O cxd4 20. Rhe1 dxc3 21. Qh5 g6 22. Qh7 Ke8 23. bxc3 Na5 24. Bd4 f2 25. Rf1 Ba3+ 26. Kd2 Bxf1 27. Rxf1 Qc4 28. Qh8+ Kd7 29. Rxf2 Qxa2+ 30. Ke3 Nc4+ 31. Kf3 Qb1 32. Qa8 Qe4+ 33. Kg3 Qd3+ 34. Kg2 Ke7 35. Qxa7+ Kf8 36. Qb8+ Kg7 37. Qd8 Qd1 38. Qf6+ Kg8 39. Qd8+ Bf8 40. Qh4 Nd2 41. Qg3 Ne4 42. Qf3 Qb1 43. Re2 b5 44. h4 b4 45. cxb4 Qxb4 46. Bf2 Qe7 47. h5 Bh6 48. hxg6 fxg6 49. Qg4 Qf7 50. Rc2 Bxf4 51. Rc8+ Kg7 52. Qh3 Bh6 53. Bh4 g5 54. Bg3 Kg6 55. Qg4 Qf5 56. Qe2 g4 57. Rc6 Bg5 58. Qd3 Nxg3 0-1


[Site "https://www.chess.com"]

[Event "Titled Tuesday Blitz November 30 2021"]
[White "Bazeev, German"]
[Black "Gontcharov, Vladislav"]
[WhiteFideId "24119350"]
[BlackFideId "4123492"]
[WhiteElo "2462"]
[BlackElo "2503"]
[Result "1-0"]
[Round "06"]
[TimeControl "180+1"]
[Date "2021.11.30"]
[WhiteClock "0:00:36"]
[BlackClock "0:00:02"]

1. d4 Nf6 2. Nf3 g6 3. c4 Bg7 4. Nc3 O-O 5. Bg5 c5 6. e3 h6 7. Bxf6 Bxf6 8. Ne4 Qb6 9. Nxf6+ Qxf6 10. Be2 Nc6 11. O-O cxd4 12. exd4 d6 13. h3 Bd7 14. Qd2 Kg7 15. Rfe1 g5 16. d5 Nb8 17. Nh2 Rc8 18. b3 Na6 19. Bg4 Rc7 20. Bxd7 Rxd7 21. Ng4 Qg6 22. Re2 h5 23. Ne3 h4 24. b4 Rf8 25. Rae1 f5 26. Nc2 Rf7 27. Nd4 Nc7 28. Ne6+ Kg8 29. Nxg5 Rg7 30. f4 Ne8 31. Re6 Nf6 32. Qf2 Qh5 33. Qxa7 Rxg5 34. fxg5 Qxg5 35. Qf2 Kf7 36. R6e3 Rc7 37. c5 Nxd5 38. Rf3 e6 39. cxd6 Rd7 40. Re5 Rxd6 41. Rexf5+ exf5 42. Rxf5+ Qxf5 43. Qxf5+ Nf6 44. Qf4 Re6 45. Qxh4 Re4 46. Qf2 Rxb4 47. Qc5 Rb1+ 48. Kh2 Rb2 49. a4 Kg6 50. a5 Kf7 51. Qc3 1-0


[Site "https://www.chess.com"]

[Event "Titled Tuesday Blitz November 30 2021"]
[White "Bluebaum, Matthias"]
[Black "Pakleza, Zbigniew"]
[WhiteFideId "24651516"]
[BlackFideId "1119290"]
[WhiteElo "2681"]
[BlackElo "2526"]
[Result "1-0"]
[Round "06"]
[TimeControl "180+1"]
[Date "2021.11.30"]
[WhiteClock "0:00:40"]
[BlackClock "0:00:31"]

1. d4 d6 2. Nf3 Bg4 3. e4 Nf6 4. Nc3 e6 5. h3 Bh5 6. Qe2 c6 7. g4 Bg6 8. h4 h5 9. g5 Nfd7 10. Bh3 Be7 11. Be3 d5 12. Nd2 O-O 13. O-O-O b5 14. f4 b4 15. Nxd5 cxd5 16. f5 exf5 17. exf5 Nb6 18. fxg6 fxg6 19. Nf3 Nc6 20. Ne5 Nxe5 21. dxe5 Kh7 22. Kb1 Qc7 23. Be6 Bc5 24. Bc1 Rae8 25. Bxd5 Rxe5 26. Be4 Qe7 27. Qxh5+ Kg8 28. Bxg6 1-0


[Site "https://www.chess.com"]

[Event "Titled Tuesday Blitz November 30 2021"]
[White "Bologan, Victor"]
[Black "Yilmaz, Mustafa"]
[WhiteFideId "13900048"]
[BlackFideId "6302718"]
[WhiteElo "2472"]
[BlackElo "2518"]
[Result "0-1"]
[Round "06"]
[TimeControl "180+1"]
[Date "2021.11.30"]
[WhiteClock "0:00:52"]
[BlackClock "0:00:20"]

1. e4 c5 2. Nf3 d6 3. Bb5+ Nd7 4. c3 Nf6 5. Bd3 g6 6. O-O Bg7 7. Bc2 b5 8. d4 Bb7 9. Qe2 O-O 10. Nbd2 cxd4 11. cxd4 Rc8 12. Qxb5 Rxc2 13. Qxb7 Qa5 14. Nb3 Qa4 15. Ne1 Rc4 16. Nd2 Rb8 17. b3 Rxb7 18. bxa4 Rxd4 19. f3 Rxa4 20. Nc2 Nh5 21. Rb1 Rxb1 22. Nxb1 Rxa2 23. Nb4 Bd4+ 24. Kh1 Ra1 25. Na3 Bb2 0-1


[Site "https://www.chess.com"]

[Event "Titled Tuesday Blitz November 30 2021"]
[White "Deac, Bogdan-Daniel"]
[Black "Kosteniuk, Alexandra"]
[WhiteFideId "1226380"]
[BlackFideId "4128125"]
[WhiteElo "2605"]
[BlackElo "2521"]
[Result "1-0"]
[Round "06"]
[TimeControl "180+1"]
[Date "2021.11.30"]
[WhiteClock "0:00:15"]
[BlackClock "0:00:07"]

1. e4 c6 2. Nf3 d5 3. d3 dxe4 4. dxe4 Qxd1+ 5. Kxd1 Nf6 6. Nfd2 g5 7. f3 h5 8. Nc4 Bh6 9. h4 g4 10. Bxh6 Rxh6 11. Nc3 Be6 12. Ne3 Nbd7 13. f4 Nc5 14. Bd3 O-O-O 15. Ke2 Kc7 16. b4 Nxd3 17. cxd3 b6 18. a4 Bc8 19. a5 Rhh8 20. axb6+ axb6 21. Rhc1 Kb7 22. b5 Bd7 23. bxc6+ Bxc6 24. Nc4 Nd7 25. Rab1 Ra8 26. f5 Rhc8 27. f6 Re8 28. fxe7 Rxe7 29. Nd6+ Kb8 30. Nd5 Bxd5 31. Rc8+ Ka7 32. Ra1+ Ba2 33. Rxa2# 1-0


[Site "https://www.chess.com"]

[Event "Titled Tuesday Blitz November 30 2021"]
[White "Donchenko, Alexander"]
[Black "Martinez Alcantara, Jose Eduardo"]
[WhiteFideId "24603295"]
[BlackFideId "3805662"]
[WhiteElo "2490"]
[BlackElo "2690"]
[Result "1-0"]
[Round "06"]
[TimeControl "180+1"]
[Date "2021.11.30"]
[WhiteClock "0:00:42"]
[BlackClock "0:00:15"]

1. e4 c5 2. Nf3 d6 3. Bb5+ Nd7 4. c4 Nf6 5. Nc3 g6 6. O-O Bg7 7. d3 O-O 8. Ba4 Ne5 9. Nxe5 dxe5 10. Be3 b6 11. h3 Nh5 12. Qd2 Bd7 13. Bd1 Nf4 14. Bxf4 exf4 15. Qxf4 f5 16. Bf3 Bc6 17. exf5 Rxf5 18. Qxf5 gxf5 19. Bxc6 Rc8 20. Bd5+ Kh8 21. Be6 Rc6 22. Bxf5 Bxc3 23. bxc3 Rf6 24. Be4 Qd6 25. a4 a5 26. Rfe1 Kg7 27. Re3 h6 28. Rae1 Kf8 29. Bd5 Qf4 30. R1e2 h5 31. g3 Qf5 32. h4 b5 33. axb5 a4 34. Ra2 Qg4 35. Re1 Qf5 36. Be4 Qe5 37. Rb1 Qxc3 38. b6 Kg7 39. b7 Rf8 40. b8=Q Rxb8 41. Rxb8 a3 42. Ra8 1-0


[Site "https://www.chess.com"]

[Event "Titled Tuesday Blitz November 30 2021"]
[White "Gaehwiler, Gabriel"]
[Black "Gokerkan, Cem Kaan"]
[WhiteFideId "1314530"]
[BlackFideId "6336760"]
[WhiteElo "2320"]
[BlackElo "2382"]
[Result "1/2-1/2"]
[Round "06"]
[TimeControl "180+1"]
[Date "2021.11.30"]
[WhiteClock "0:00:18"]
[BlackClock "0:00:21"]

1. d4 Nf6 2. c4 g6 3. Nf3 Bg7 4. g3 O-O 5. Bg2 d6 6. O-O Nbd7 7. Nc3 e5 8. e4 Re8 9. Re1 a6 10. dxe5 dxe5 11. b3 Qe7 12. Nd5 Nxd5 13. cxd5 Rd8 14. Qc2 Nf6 15. a4 Ne8 16. Ba3 Qf6 17. Nd2 Bd7 18. Nc4 h5 19. Bb2 Qe7 20. Ba3 Qf6 21. Bb2 Qe7 22. f4 exf4 23. Bxg7 Nxg7 24. gxf4 h4 25. Ne5 Nh5 26. Nd3 c6 27. Bf3 Nf6 28. Qc5 Qxc5+ 29. Nxc5 cxd5 30. e5 Ne4 31. Nxe4 dxe4 32. Bxe4 Bc6 33. Bxc6 bxc6 34. Rad1 Rxd1 35. Rxd1 Rb8 36. Rd3 Rb4 37. Rc3 a5 38. Rxc6 Rxb3 39. e6 fxe6 40. Rxe6 Kf7 41. Re5 Rb1+ 42. Kg2 Rb4 43. Rxa5 Rxf4 44. Ra8 g5 45. h3 Ke6 46. a5 Ra4 47. a6 Kf6 48. a7 Kg7 49. Kf3 Kh7 50. Kf2 Kg7 51. Kf3 Kh7 52. Kf2 Kg7 53. Kf3 1/2-1/2


[Site "https://www.chess.com"]

[Event "Titled Tuesday Blitz November 30 2021"]
[White "Goltsev, Dmitry"]
[Black "Abdrlauf, Elham"]
[WhiteFideId "24176710"]
[BlackFideId "1533533"]
[WhiteElo "2259"]
[BlackElo "2362"]
[Result "0-1"]
[Round "06"]
[TimeControl "180+1"]
[Date "2021.11.30"]
[WhiteClock "0:00:06"]
[BlackClock "0:00:08"]

1. e4 c6 2. d4 d5 3. Nc3 dxe4 4. Nxe4 Nf6 5. Nxf6+ exf6 6. c3 Bd6 7. Bd3 O-O 8. Nf3 Re8+ 9. Be3 Nd7 10. h3 Nf8 11. Qc2 Be6 12. b3 Qd7 13. Nd2 Ng6 14. Ne4 Bd5 15. Nxd6 Qxd6 16. O-O Nh4 17. Bxh7+ Kh8 18. Bf5 Bxg2 19. Rfe1 g6 20. Bg4 Bf3 21. Bxf3 Nxf3+ 22. Kg2 Qd5 23. Kg3 Nxe1 24. Rxe1 Re6 25. c4 Qe4 26. Qxe4 Rxe4 27. d5 cxd5 28. cxd5 Rd8 29. Rd1 b6 30. Bf4 Rd7 31. Bb8 Re8 32. Bf4 g5 33. Bc1 Red8 34. Bb2 Kg7 35. f4 Rxd5 36. Re1 Rd2 37. Bc1 R8d3+ 38. Kg4 Rg2+ 39. Kf5 Rxh3 40. Re7 Rf3 41. Rxa7 Rc2 42. Kg4 Rf1 43. Be3 Rg2+ 44. Kf5 Re2 45. Re7 Rxf4+ 46. Bxf4 Rxe7 47. Bd6 Re2 48. a3 Re3 49. b4 b5 50. Bc5 Rxa3 51. Bd4 Rf3+ 52. Ke4 Rf4+ 53. Kd5 Rxd4+ 54. Kxd4 g4 55. Ke4 f5+ 56. Kf4 Kf6 57. Kg3 Kg5 0-1


[Site "https://www.chess.com"]

[Event "Titled Tuesday Blitz November 30 2021"]
[White "Golubka, Petro"]
[Black "Tabatabaei, M. Amin"]
[WhiteFideId "14114224"]
[BlackFideId "12521213"]
[WhiteElo "2392"]
[BlackElo "2555"]
[Result "0-1"]
[Round "06"]
[TimeControl "180+1"]
[Date "2021.11.30"]
[WhiteClock "0:01:05"]
[BlackClock "0:01:00"]

1. e4 c6 2. d4 d5 3. e5 Bf5 4. g4 Be4 5. f3 Bg6 6. e6 fxe6 7. h4 Qd6 8. Ne2 e5 9. h5 Bf7 10. Nbc3 Nd7 11. Bg2 Ngf6 12. O-O O-O-O 13. dxe5 Nxe5 14. Bf4 Qc5+ 15. Kh1 Nc4 16. b4 Qxb4 17. Rb1 Qc5 18. Qc1 e5 19. Bg3 Qe3 20. Qe1 d4 21. Nd1 Qd2 22. Qf2 Bc5 23. Nb2 Ne3 24. Nd3 Bd6 25. Nxe5 Bd5 26. g5 Nxh5 27. Bh3+ Kc7 28. Bh2 Rhe8 29. Nd3 Nxf1 30. Bxd6+ Rxd6 31. Bxf1 Rxe2 32. Bxe2 Qxe2 0-1


[Site "https://www.chess.com"]

[Event "Titled Tuesday Blitz November 30 2021"]
[White "Grigorjev, Iljya"]
[Black "Kucuksari, Kaan"]
[WhiteFideId "24159565"]
[BlackFideId "6380166"]
[WhiteElo "2124"]
[BlackElo "2301"]
[Result "0-1"]
[Round "06"]
[TimeControl "180+1"]
[Date "2021.11.30"]
[WhiteClock "0:00:03"]
[BlackClock "0:00:08"]

1. Nf3 Nf6 2. g3 b6 3. Bg2 Bb7 4. O-O e6 5. b3 Be7 6. Bb2 O-O 7. c4 c5 8. Nc3 d5 9. cxd5 Nxd5 10. d4 Nxc3 11. Bxc3 Bf6 12. Rc1 Nd7 13. Qd2 Qe7 14. Rfd1 Rad8 15. Qe3 Bxf3 16. Qxf3 cxd4 17. Bxd4 Bxd4 18. Rxd4 Nf6 19. Rdc4 h6 20. Rc7 Rd7 21. Qc3 Rfd8 22. Rxd7 Rxd7 23. h3 Nd5 24. Qc8+ Rd8 25. Qc4 Qa3 26. Rd1 Qxa2 27. e4 b5 28. Qd3 a5 29. exd5 a4 30. bxa4 bxa4 31. d6 a3 32. d7 Qb2 33. Qd6 a2 34. Qc7 Qf6 35. Kh2 Kh7 36. Qa7 Qb2 37. Bc6 Qc2 38. Rd6 Qb1 39. Qd4 f5 40. Rxe6 a1=Q 41. Qd6 Qg1# 0-1


[Site "https://www.chess.com"]

[Event "Titled Tuesday Blitz November 30 2021"]
[White "Gritsenko, Nikolai"]
[Black "Babazada, Khazar"]
[WhiteFideId "14112493"]
[BlackFideId "13413554"]
[WhiteElo "2389"]
[BlackElo "2302"]
[Result "0-1"]
[Round "06"]
[TimeControl "180+1"]
[Date "2021.11.30"]
[WhiteClock "0:00:10"]
[BlackClock "0:00:41"]

1. d4 Nf6 2. Bg5 Ne4 3. h4 d5 4. Nd2 Nd6 5. Bf4 Bf5 6. e3 h5 7. Bd3 Bxd3 8. cxd3 e6 9. Ngf3 Be7 10. Qb3 Nc6 11. Rc1 O-O 12. a3 Rb8 13. Bxd6 cxd6 14. g3 g6 15. Ke2 Bf6 16. Rc2 Re8 17. Rhc1 Qd7 18. Kf1 Bg7 19. Kg2 Rec8 20. Rc3 Rc7 21. Qa4 a6 22. b4 Rbc8 23. b5 axb5 24. Qxb5 Ra8 25. Qb2 Bf6 26. Rb3 Bd8 27. Rb5 Rac8 28. e4 Ne7 29. Rxc7 Rxc7 30. e5 Nf5 31. a4 dxe5 32. Nxe5 Qc8 33. Ndf3 Rc2 34. Qb3 b6 35. a5 Ne3+ 36. Kg1 Rc1+ 37. Kh2 Rf1 38. fxe3 Qc1 39. Kg2 Rh1 0-1


[Site "https://www.chess.com"]

[Event "Titled Tuesday Blitz November 30 2021"]
[White "Ibarra Jerez, Jose Carlos"]
[Black "Csonka, Balazs"]
[WhiteFideId "2226332"]
[BlackFideId "742910"]
[WhiteElo "2626"]
[BlackElo "2404"]
[Result "1-0"]
[Round "06"]
[TimeControl "180+1"]
[Date "2021.11.30"]
[WhiteClock "0:01:18"]
[BlackClock "0:00:02"]

1. e4 e5 2. Nf3 Nf6 3. Nxe5 d6 4. Nf3 Nxe4 5. Nc3 Nxc3 6. dxc3 Be7 7. Be3 O-O 8. Qd2 Nd7 9. O-O-O Nf6 10. Bd3 c5 11. Rhe1 Be6 12. Kb1 Qa5 13. c4 Qxd2 14. Bxd2 Rfe8 15. h3 h6 16. Bc3 d5 17. cxd5 Nxd5 18. Be5 a6 19. Be4 Rad8 20. c4 Nf6 21. Bxb7 Bxc4 22. Bc6 Rxd1+ 23. Rxd1 Rd8 24. Rxd8+ Bxd8 25. Nd2 Bb5 26. Bf3 Nd7 27. Bd6 Bf6 28. b3 Ne5 29. Be4 Bd3+ 30. Bxd3 Nxd3 31. a3 Nxf2 32. Bxc5 Nd3 33. Bd6 Bd4 34. Nf3 Ba7 35. b4 f6 36. Kc2 Nf2 37. Bc5 Bxc5 38. bxc5 Kf7 39. Nd4 g6 40. Kc3 Ke7 41. Kc4 Kd7 42. Kd5 Nd3 43. c6+ Ke7 44. Ne6 Nb2 45. Nc5 Nd1 46. c7 Nc3+ 47. Kc6 Nb5 48. Nxa6 Na7+ 49. Kb7 Nb5 50. a4 1-0


[Site "https://www.chess.com"]